 Dungeon Crawl Stone Soup version 0.21.1-1-g345015f (webtiles) character file.

216 tmwrnj the Chopper (level 5, -6/47 HPs)
             Began as a Hill Orc Fighter on Apr 3, 2018.
             Was an Initiate of Beogh.
             Killed from afar by an orc wizard (7 damage)
             ... with a puff of frost
             ... on level 4 of the Dungeon on July 26, 2018.
             The game lasted 00:05:25 (1481 turns).

tmwrnj the Chopper (Hill Orc Fighter)               Turns: 1481, Time: 00:05:26

Health: -6/47      AC: 10    Str: 20    XL:     5   Next: 93%
Magic:  5/5        EV:  5    Int:  8    God:    Beogh [......]
Gold:   95         SH:  9    Dex: 10    Spells: 4/4 levels left

rFire    . . .     SeeInvis .   a - +0 war axe
rCold    . . .     Gourm    .   c - +0 shield
rNeg     . . .     Faith    .   j - +0 chain mail
rPois    .         Spirit   .   b - +0 helmet
rElec    .         Reflect  .   (no cloak)
rCorr    .         Harm     .   (no gloves)
MR       .....                  (no boots)
Stlth    ..........             (no amulet)
HPRegen  0.15/turn              (no ring)
MPRegen  0.09/turn              (no ring)

@: no status effects
A: no striking features
a: Renounce Religion


You were on level 4 of the Dungeon.
You worshipped Beogh.
Beogh was noncommittal.
You were not hungry.

You visited 1 branch of the dungeon, and saw 4 of its levels.

You collected 95 gold pieces.

Inventory:

Hand Weapons
 a - a +0 war axe (weapon)
Armour
 b - a +0 helmet (worn)
 c - a +0 shield (worn)
 j - a +0 chain mail (worn)
 l - a +0 plate armour
Jewellery
 g - an uncursed ring of positive energy {unknown}
 k - an uncursed ring of poison resistance {unknown}
 r - a +3 ring of intelligence {unknown}
 s - the ring of Generosity {*Tele +Blink, unknown}
   (You found it on level 4 of the Dungeon)

   [ring of teleportation]

   It may teleport you next to monsters.
   It lets you blink.
Scrolls
 e - 2 scrolls of teleportation {unknown}
 h - a scroll of fog {unknown}
 i - 2 scrolls of identify {unknown}
 m - a scroll of immolation {unknown}
 o - a scroll of random uselessness {unknown}
 q - a scroll of amnesia {unknown}
Potions
 d - a potion of might
 n - a potion of curing {unknown}
 p - a potion of cancellation {unknown}
Comestibles
 f - a ration


   Skills:
 + Level 4.6 Fighting
 + Level 5.2 Axes
 + Level 4.1 Armour
 + Level 0.2 Dodging
 + Level 4.4 Shields


You had 4 spell levels left.
You didn't know any spells.

Dungeon Overview and Level Annotations

Branches:
Dungeon (4/15)
 Temple: D:4-7

Altars:
Trog

Annotations:
D:2 Sigmund


Message History

The puff of flame hits you!
* * * LOW HITPOINT WARNING * * *
Something hits you.
* * * LOW HITPOINT WARNING * * *
Unknown command.
Welcome back, tmwrnj the Hill Orc Fighter.
Beogh says: Drown the unbelievers in a sea of blood!
Press ? for a list of commands and other information.
Deactivating autopickup; reactivate with Ctrl-A.
Your shield and chain mail prevent you from hitting something.
Something hits you but does no damage. x2
You barely miss something. Something hits you but does no damage.
Something hits you.
* * * LOW HITPOINT WARNING * * *
Something hits you but does no damage.
You hear some strange, mumbled words.
A puff of frost appears from out of thin air!
The puff of frost hits you!
You die...
Beogh appreciates something's killing of a heretic priest.

##########
#..@..o..#
##.#####.###########
#..........#o.......
#....###.#.#.#######
#.. #.#.#....####
#.. .#.#.#.#....#...
....................
#..........#....#...
#.......#....#...


You could see an orc.

Vanquished Creatures
  A howler monkey (D:4)
  A hound (D:4)
  An orc priest (D:4)
  2 worker ants (D:4)
  An adder (D:4)
  A worm (D:4)
  A dart slug (D:2)
  A leopard gecko (D:4)
  7 orcs (D:4)
  2 ball pythons
  2 giant cockroaches (D:1)
  5 goblins
  6 hobgoblins
  5 bats
  3 frilled lizards (D:1)
  7 kobolds
  5 rats
51 creatures vanquished.

Vanquished Creatures (others)
  An orc priest (D:4)
1 creature vanquished.

Grand Total: 52 creatures vanquished

Notes
Turn   | Place    | Note
-------+----------+-------------------------------------------
     0 | D:1      | tmwrnj the Hill Orc Fighter began the quest for the Orb.
     0 | D:1      | Reached XP level 1. HP: 19/19 MP: 1/1
   125 | D:1      | Reached XP level 2. HP: 26/27 MP: 2/2
   263 | D:1      | Reached skill level 3 in Axes
   481 | D:1      | Reached XP level 3. HP: 30/33 MP: 3/3
   541 | D:2      | Noticed Sigmund
  1023 | D:3      | Noticed an ogre
  1098 | D:4      | Became a worshipper of Beogh the Brigand
  1159 | D:4      | Reached XP level 4. HP: 25/41 MP: 4/4
  1171 | D:4      | Reached skill level 4 in Axes
  1174 | D:4      | Got a glittering bronze ring
  1312 | D:4      | Reached XP level 5. HP: 42/47 MP: 5/5
  1416 | D:4      | Found a bloodstained altar of Trog.
  1441 | D:4      | Reached skill level 5 in Axes
  1474 | D:4      | HP: 2/47 [something/puff of flame (9)]
  1481 | D:4      | Killed from afar by an orc wizard

Skill      XL: |  1  2  3  4  5 |
---------------+----------------+-----
Fighting       | 4 |  4.6
Axes           | 3 4 5 |  5.2
Armour         | 4 |  4.1
Shields        | 4 |  4.4
Dodging        | |  0.2

Action                   |  1- 3 |  4- 6 || total
-------------------------+-------+-------++-------
Melee: War axe           |   122 |    55 ||   177
Invok: Convert to Beogh  |     1 |       ||     1
  Eat: Chunk             |     1 |     1 ||     2
Armor: Scale mail        |    20 |       ||    20
       Chain mail        |    80 |    27 ||   107
Dodge: Dodged            |    40 |    12 ||    52
Block: Shield            |    75 |    27 ||   102
